Map: Redshift LE

Players

Snute

  • Race: Zerg Zerg
  • Spawn Location: 7:00

Seither - Winner!

  • Race: Terran Terran
  • Spawn Location: 11:00

Event: WCS Austin 2018

VOD

Have the link to the VOD?

Description

Time

  • Played on: June 1, 2018, 9:56 p.m.
  • Length: 15:36

All games in this series

Show
View Real Time Build Order
Export as new Build Order

Snute Zerg 

Build Orders: Hatch First 

Get SALT Encoding   

  12  0:00  Drone  
  13  0:12  Overlord  
  13  0:17  Drone  
  14  0:30  Drone x2  
  14  0:34  Drone  
  17  0:51  Hatchery  
  17  0:53  Drone  
  17  0:56  Drone  
  18  0:59  Extractor  
  17  1:11  Spawning Pool  
  17  1:15  Drone  
  17  1:18  Drone  
  18  1:27  Drone  
  19  1:38  Overlord  
  19  1:49  Drone  
  20  1:58  Queen  
  20  1:59  Metabolic Boost  
  22  2:03  Zergling x2  
  22  2:04  Zergling x2  
  22  2:08  Queen  
  26  2:11  Zergling x2  
  27  2:18  Drone  
  28  2:23  Drone  
  28  2:25  Drone  
  30  2:32  Drone  
  30  2:35  Queen  
  33  2:40  Overlord  
  33  2:43  Drone  
  33  2:47  Drone  
  34  2:54  Drone  
  34  2:56  Overlord  
  35  3:04  Zergling x2  
  36  3:07  Drone x4  
  40  3:18  Hatchery  
  39  3:20  Overlord  
  39  3:21  Drone  
  39  3:22  Drone  
  39  3:23  Drone x2  
  43  3:27  Drone  
  43  3:33  Drone  
  45  3:34  Queen  
  45  3:38  Overlord  
  47  3:44  Drone x4  
  47  3:48  Queen  
  53  3:53  Zergling x4  
  54  3:59  Zergling x6  
  54  4:02  Drone  
  58  4:04  Drone  
  59  4:13  Queen  
  61  4:23  Overlord, Queen  
  63  4:24  Zergling x6  
  63  4:26  Drone x2  
  68  4:31  Queen  
  68  4:32  Drone  
  68  4:33  Drone  
  68  4:36  Drone  
  73  4:40  Evolution Chamber  
  73  4:41  Evolution Chamber, Drone  
  73  4:44  Drone  
  73  4:45  Drone x2  
  75  4:47  Drone  
  75  4:48  Queen  
  75  4:49  Drone  
  75  4:51  Drone  
  80  4:54  Drone x2  
  82  5:03  Overlord  
  82  5:08  Zerg Ground Armor Level 1, Zerg Missile Weapons Level 1  
  82  5:12  Overlord  
  82  5:14  Roach Warren, Extractor  
  82  5:15  Drone x2, Extractor  
  82  5:16  Drone, Extractor  
  82  5:17  Drone  
  82  5:20  Spore Crawler  
  82  5:21  Spore Crawler, Drone x2  
  81  5:24  Spore Crawler  
  81  5:25  Drone x2  
  83  5:29  Drone  
  83  5:30  Drone x3  
  83  5:31  Drone  
  83  5:33  Drone  
  88  5:36  Drone  
  88  5:37  Drone  
  88  5:39  Drone  
  91  5:46  Drone x5  
  91  5:49  Drone  
  96  5:56  Overlord, Lair  
  96  5:57  Drone, Extractor  
  96  5:59  Overlord  
  92  6:13  Overlord x2  
  92  6:16  Extractor  
  90  6:23  Drone x3  
  90  6:25  Roach, Drone x2  
  96  6:26  Hatchery, Roach x4  
  96  6:31  Roach x2  
  106  6:33  Roach  
  108  6:43  Roach x2  
  108  6:45  Roach x3  
  108  6:46  Spore Crawler, Roach, Ravager x2  
  121  6:58  Roach  
  121  6:59  Roach x3  
  129  7:02  Overlord  
  129  7:03  Overlord x2  
  129  7:04  Infestation Pit  
  129  7:05  Zerg Ground Armor Level 2  
  129  7:07  Overlord  
  128  7:10  Overlord  
  128  7:21  Overlord, Glial Reconstitution, Zerg Missile Weapons Level 2  
  128  7:23  Queen x2  
  129  7:31  Roach  
  129  7:32  Roach x9  
  149  7:38  Roach  
  151  7:49  Hive  
  151  7:50  Roach x5  
  154  7:59  Overlord  
  154  8:03  Spore Crawler  
  154  8:04  Roach x7  
  165  8:09  Overlord  
  161  8:17  Spire  
  161  8:18  Overlord  
  156  8:26  Spore Crawler  
  155  8:28  Infestor  
  155  8:30  Zergling x12  
  163  8:46  Roach  
  163  8:47  Roach x3  
  170  8:49  Hatchery  
  170  8:54  Hatchery  
  162  9:04  Roach x3  
  162  9:05  Roach  
  162  9:09  Ravager x2  
  173  9:10  Ravager  
  173  9:11  Ravager x2  
  173  9:12  Roach x5  
  173  9:13  Roach  
  187  9:18  Queen x3  
  193  9:32  Greater Spire  
  189  9:40  Zerg Ground Armor Level 3  
  170  10:13  Corruptor x5, Extractor  
  169  10:14  Spore Crawler  
  169  10:15  Extractor  
  169  10:16  Spore Crawler  
  157  10:46  Brood Lord x3  
  163  10:50  Drone x4  
  163  10:58  Brood Lord  
  163  10:59  Brood Lord  
  161  11:10  Zerg Missile Weapons Level 3  
  157  11:23  Hydralisk Den  
  157  11:24  Spore Crawler  
  157  11:25  Spore Crawler, Drone x4  
  159  11:26  Spore Crawler, Roach x6  
  159  11:27  Spore Crawler, Roach  
  159  11:28  Spore Crawler  
  159  11:30  Ravager x2  
  159  11:31  Ravager  
  159  11:32  Roach  
  170  11:44  Roach x9  
  180  11:59  Grooved Spines  
  180  12:03  Hatchery  
  179  12:19  Hatchery  
  178  12:39  Viper x2  
  178  12:43  Queen x3  
  188  12:49  Corruptor x3  
  188  12:51  Zerg Flyer Armor Level 1  
  180  13:10  Hydralisk  
  180  13:11  Muscular Augments, Hydralisk x9  
  192  13:32  Drone x4  
  192  13:33  Drone x4  
  189  13:41  Hydralisk x5  
  174  13:47  Drone x3  
  174  13:48  Drone  
  185  13:50  Extractor  
  184  14:05  Brood Lord  
  184  14:06  Brood Lord x2  
  190  14:16  Drone x4  
  194  14:17  Extractor  
  194  14:21  Roach x3  
  199  14:27  Spore Crawler  
  199  14:29  Spore Crawler  
  199  14:30  Spore Crawler  
  156  14:41  Roach x7  
  125  14:47  Roach x3  
  125  14:52  Hydralisk  
  118  15:04  Roach x4  
  103  15:09  Ravager x3  
  89  15:15  Roach x3  
Show
View Real Time Build Order
Export as new Build Order

Seither Terran - Winner!

Build Orders: Reaper Expand, Bio Tank 

Get SALT Encoding   

  12  0:00  SCV  
  13  0:12  SCV  
  14  0:17  Supply Depot  
  14  0:24  SCV  
  15  0:39  SCV  
  15  0:42  Barracks  
  16  0:45  Refinery  
  16  0:51  SCV  
  17  1:03  SCV  
  18  1:15  SCV  
  19  1:29  Orbital Command  
  19  1:30  Reaper  
  20  1:40  Command Center  
  20  1:53  Supply Depot  
  20  1:55  SCV  
  21  2:02  Marine  
  21  2:05  Factory  
  22  2:11  SCV  
  23  2:21  Barracks Reactor  
  23  2:23  SCV  
  24  2:35  SCV  
  25  2:49  Command Center  
  25  2:52  Orbital Command, SCV  
  26  3:01  Starport  
  26  3:07  SCV  
  26  3:10  Refinery  
  27  3:14  Hellion  
  29  3:21  Hellion  
  29  3:24  SCV x2  
  29  3:26  Barracks Tech Lab  
  32  3:36  SCV  
  32  3:37  SCV  
  32  3:38  Hellion  
  36  3:42  Hellion  
  38  3:48  SCV  
  38  3:49  SCV  
  38  3:50  Banshee  
  38  3:51  Barracks Tech Lab  
  43  4:01  SCV x2  
  43  4:02  Orbital Command  
  45  4:10  Marine  
  45  4:11  Stimpack  
  45  4:13  SCV  
  45  4:14  Factory Reactor, SCV  
  48  4:24  Barracks  
  48  4:25  Barracks  
  48  4:26  SCV x2  
  50  4:31  SCV  
  50  4:34  Supply Depot  
  50  4:38  SCV  
  52  4:39  Engineering Bay  
  52  4:40  Engineering Bay  
  52  4:42  Starport Reactor, Marine, SCV  
  52  4:43  SCV  
  55  4:48  Refinery  
  55  4:50  Refinery, SCV  
  56  4:54  SCV  
  56  4:55  SCV  
  56  4:58  Supply Depot  
  58  5:02  Supply Depot, SCV  
  58  5:05  Marine  
  58  5:06  SCV  
  61  5:08  SCV  
  61  5:12  Siege Tank  
  61  5:13  Marine  
  61  5:14  Marine  
  66  5:19  Medivac x2  
  66  5:20  Barracks, SCV x2  
  73  5:21  Barracks  
  73  5:22  SCV  
  73  5:25  Supply Depot  
  73  5:27  Supply Depot  
  74  5:32  SCV x2  
  76  5:38  Marine x2  
  76  5:39  Terran Infantry Weapons Level 1, Terran Infantry Armor Level 1  
  76  5:41  Marine  
  79  5:48  SCV x3  
  82  5:52  Supply Depot x2  
  85  5:57  Siege Tank  
  85  5:58  Marine x4  
  85  6:08  Barracks Reactor x2  
  85  6:09  Medivac  
  85  6:10  SCV x2  
  87  6:11  Refinery  
  87  6:12  Refinery  
  87  6:15  Combat Shields  
  87  6:24  Marine x4  
  87  6:25  Medivac  
  93  6:27  SCV x2  
  93  6:29  Supply Depot  
  93  6:31  Supply Depot  
  95  6:37  Marine  
  95  6:38  Siege Tank  
  95  6:39  SCV x2  
  101  6:42  Marine x2  
  103  6:52  Marine x4  
  107  6:57  Barracks, Command Center  
  107  6:58  Barracks  
  107  7:00  Barracks  
  104  7:02  Marine x3, Factory  
  104  7:03  Armory  
  104  7:05  SCV x3  
  110  7:10  Supply Depot x2  
  110  7:12  Medivac x2  
  114  7:20  Marine x5  
  114  7:21  Siege Tank  
  114  7:22  Marine x2  
  124  7:35  Marine  
  124  7:36  Marauder  
  126  7:38  Marine x2  
  127  7:45  Barracks Tech Lab x2  
  126  8:03  Widow Mine  
  126  8:05  Marine x4  
  128  8:06  Terran Infantry Armor Level 2, Marine x2, Terran Infantry Weapons Level 2, Barracks Tech Lab  
  128  8:08  SCV x3  
  135  8:13  Marine x2  
  134  8:21  Marauder, Marine x2  
  134  8:23  Marine x4  
  134  8:24  Siege Tank, Factory Tech Lab  
  134  8:25  Medivac x2  
  149  8:29  Marine x3  
  149  8:31  Marine  
  153  8:39  Marauder x2, Marine  
  153  8:41  Marine x3  
  158  8:43  Marauder  
  158  8:44  Planetary Fortress  
  158  8:48  Marauder  
  164  8:54  Marine  
  164  8:59  Marine x3, Supply Depot  
  164  9:09  Supply Depot  
  164  9:10  Marine  
  164  9:12  Marine  
  164  9:20  Marine x4  
  164  9:21  Marauder x2  
  172  9:25  Marauder x2, Siege Tank  
  172  9:30  Siege Tank  
  182  9:35  Terran Vehicle Weapons Level 1  
  181  9:41  Marine x2  
  181  9:42  Marauder x2  
  184  9:56  Marauder, Marine x4  
  184  9:57  Marine  
  184  9:58  Marauder, Marine  
  187  10:02  Siege Tank  
  187  10:06  Marauder  
  188  10:07  Supply Depot, Siege Tank  
  188  10:12  Marine x2  
  188  10:13  Marauder  
  188  10:14  Marine  
  195  10:18  Supply Depot  
  196  10:21  Marine  
  196  10:23  Marauder, Marine x2  
  196  10:24  Marine x2  
  196  10:26  Marauder  
  195  10:29  Marauder  
  195  10:32  Marine  
  195  10:33  Marine x2  
  195  10:34  Marauder, Siege Tank  
  199  10:39  Marine  
  199  10:41  Marine x2  
  195  10:44  Marauder, Marine x2  
  195  10:47  Marauder  
  196  10:55  Siege Tank  
  199  11:00  Ghost Academy  
  199  11:03  Marauder, Marine x2  
  199  11:04  Command Center  
  200  11:06  Medivac x2  
  197  11:12  Terran Infantry Weapons Level 3  
  197  11:18  Marine x2  
  199  11:25  Marine  
  200  11:37  Liberator  
  200  11:38  Liberator  
  190  11:47  Marine x3  
  190  11:48  Marauder  
  190  11:52  Marine x2  
  190  11:53  Marine x4  
  190  11:54  Thor x2  
  187  12:02  Starport  
  187  12:03  Starport  
  187  12:06  Marine x2  
  187  12:07  Marine  
  187  12:22  Ghost x3  
  186  12:23  Ghost  
  194  12:37  Command Center  
  194  12:43  Viking x3  
  200  12:44  Terran Ship Weapons Level 1  
  200  12:45  Terran Infantry Armor Level 3  
  200  12:46  Planetary Fortress  
  200  12:48  SCV  
  198  13:03  Orbital Command, Marine x2  
  198  13:04  Viking  
  192  13:16  Siege Tank  
  192  13:17  Siege Tank  
  192  13:38  Ghost, Viking  
  192  13:39  Ghost, Viking  
  180  13:49  Viking x2  
  180  13:52  Planetary Fortress  
  184  14:10  Ghost  
  184  14:11  Marine, Viking  
  184  14:12  Marine x6  
  184  14:14  Refinery, SCV x2  
  184  14:15  Refinery, SCV x2  
  189  14:18  Marine x2  
  189  14:19  Marine  
  192  14:26  SCV x2  
  192  14:27  SCV  
  170  14:41  Marine x9  
  170  14:42  Marine  
  144  14:58  Marine, Viking x2  
  144  14:59  Orbital Command, Marine  
  142  15:02  Marine x4  
  133  15:15  Marine x2  
Tags
 
Add a new tag
Caveats
  • Supply blocks, unpowered buildings, or Contaminate may cause inaccurate times.
  • Supply counts are checked every 10 seconds.